 Dungeon Crawl Stone Soup version 0.27-a0-1119-gbf574a6a6b (webtiles) character file.

Game seed: 11667453672689919283

75805 funkygono the Thaumaturge (level 15, -11/78 HPs)
             Began as a Gargoyle Fire Elementalist on May 2, 2021.
             Was a High Priest of Vehumet.
             Mangled by Jorgrun
             ... wielding a +0 vorpal quarterstaff
              (13 damage)
             ... on level 12 of the Dungeon.
             The game lasted 01:29:48 (26295 turns).

funkygono the Thaumaturge (GrFE)                   Turns: 26295, Time: 01:29:49

Health: -11/78     AC: 26    Str: 19    XL:     15   Next: 51%
Magic:  10/33      EV:  9    Int: 31    God:    Vehumet [*****.]
Gold:   3434       SH:  0    Dex: 10    Spells: 4/42 levels left

rFire    + + .     SeeInvis +   m - +1 great sword (elec)
rCold    x x .     Faith    .   (shield currently unavailable)
rNeg     + . .     Spirit   .   A - +3 salamander hide armour {Flames rF++ rC--}
rPois    ∞         Reflect  .   i - +1 helmet "Baneojah" {Str+4 Int+6 Stlth+}
rElec    +         Harm     .   C - +1 cloak
rCorr    .         Rampage  .   p - +2 pair of gloves
Will     +....                  E - +0 pair of boots
Stlth    +++.......             N - amulet of regeneration
HPRegen  1.23/turn              K - ring of see invisible
MPRegen  0.23/turn              y - +6 ring of intelligence

@: grasped by roots, flying, very slightly contaminated, constricted, invisible
A: AC +11, big wings, negative energy resistance 1, electricity resistance,
torment resistance 1, unbreathing 1, petrification resistance
a: Renounce Religion


You were on level 12 of the Dungeon.
You worshipped Vehumet.
Vehumet was extremely pleased with you.
You visited 4 branches of the dungeon, and saw 21 of its levels.

You collected 4227 gold pieces.
You spent 793 gold pieces at shops.

Inventory:

Hand Weapons
 a - a +1 long sword of holy wrath
 m - a +1 great sword of electrocution (weapon)
Missiles
 b - 615 stones
 d - 5 boomerangs of dispersal
 e - 9 curare-tipped darts
 O - 8 atropa-tipped darts
Armour
 c - a +1 leather armour of cold resistance
 h - a +1 chain mail of cold resistance
 i - the +1 helmet "Baneojah" (worn) {Str+4 Int+6 Stlth+}
   (You took it off Robin on level 3 of the Dungeon)

   It affects your strength (+4).
   It affects your intelligence (+6).
   It makes you more stealthy.
 p - a +2 pair of gloves (worn)
 A - the +3 salamander hide armour (worn) {Flames rF++ rC--}
   (You bought it in a shop on level 7 of the Dungeon)

   It surrounds you with a cloud of flames.
   It grants immunity to clouds of flame.
   It enhances your fire magic.
   It greatly protects you from fire.
   It makes you very vulnerable to cold.
 C - a +1 cloak (worn)
 E - a +0 pair of boots (worn)
 I - +0 steam dragon scales
Jewellery
 j - a ring of magical power
 q - a ring of ice
 v - a ring of resist corrosion
 y - a +6 ring of intelligence (right hand)
 z - a ring of wizardry
 K - a ring of see invisible (left hand)
 N - an amulet of regeneration (around neck)
Wands
 l - a wand of paralysis (7)
 n - a wand of digging (3)
 r - a wand of iceblast (35)
 w - a wand of acid (18)
 B - a wand of mindburst (25)
Scrolls
 g - 8 scrolls of identify
 s - 9 scrolls of teleportation
 F - 2 scrolls of amnesia
 G - a scroll of fog
 H - 2 scrolls of silence
 L - 4 scrolls of magic mapping
 T - a scroll of blinking
 U - a scroll of fear
Potions
 f - 2 potions of invisibility
 k - 3 potions of magic
 o - a potion of haste
 t - a potion of might
 x - 3 potions of ambrosia
 D - a potion of curing
 J - 2 potions of lignification
 R - 2 potions of mutation


   Skills:
 + Level 3.0 Fighting
 + Level 1.6(2.1) Short Blades
 + Level 2.0(2.3) Long Blades
 + Level 0.1 Maces & Flails
 + Level 4.3 Armour
 + Level 3.4 Dodging
 - Level 2.1 Stealth
 + Level 14.1 Spellcasting
 + Level 13.0 Conjurations
 + Level 3.1 Transmutations
 + Level 13.0 Fire Magic
 + Level 5.4 Ice Magic
 + Level 6.6 Earth Magic
 + Level 8.0 Poison Magic


You had 4 spell levels left.
You knew the following spells:

 Your Spells              Type           Power      Damage    Failure   Level
a - Foxfire               Conj/Fire      100%       2x1d9     0%          1
b - Conjure Flame         Conj/Fire      100%       6-21      1%          3
c - Sticky Flame          Conj/Fire      100%       2d11      1%          4
d - Fireball              Conj/Fire      50%        3d20      1%          5
e - Iron Shot             Conj/Erth      35%        9d7       1%          6
f - Ignite Poison         Fire/Tmut/Pois 83%        N/A       1%          3
g - Olgreb's Toxic Radia  Pois           64%        N/A       1%          4
i - Frozen Ramparts       Ice            100%       1d12      1%          3
j - Bolt of Magma         Conj/Fire/Erth 47%        4d19      1%          5
k - Hailstorm             Conj/Ice       68%        3d14      1%          4

Your spell library contained the following spells:

 Spells                   Type           Power      Damage    Failure   Level
 Yara's Violent Unravell  Hex/Tmut       15%        3d8       10%         5
 Beastly Appendage        Tmut           82%        N/A       1%          1
 Sandblast                Erth           100%       2d20      1%          1
 Sting                    Tmut/Pois      100%       1d8       1%          1
 Ensorcelled Hibernation  Hex/Ice        76%        N/A       1%          2
 Poisonous Vapours        Pois/Air       92%        N/A       1%          2
 Wereblood                Tmut           41%        N/A       1%          2
 Dazzling Flash           Conj/Hex       100%       N/A       1%          3
 Inner Flame              Hex/Fire       76%        N/A       1%          3
 Mephitic Cloud           Conj/Pois/Air  60%        N/A       1%          3
 Spider Form              Tmut/Pois      27%        N/A       1%          3
 Animate Skeleton         Necr           42%        N/A       2%          1
 Apportation              Tloc           42%        N/A       2%          1
 Corona                   Hex            23%        N/A       2%          1
 Summon Small Mammal      Summ           84%        N/A       2%          1
 Call Imp                 Summ           21%        N/A       3%          2
 Ice Form                 Ice/Tmut       48%        N/A       4%          4
 Call Canine Familiar     Summ           21%        N/A       8%          3
 Confusing Touch          Hex            21%        N/A       8%          3
 Summon Guardian Golem    Hex/Summ       21%        N/A       8%          3
 Tukima's Dance           Hex            21%        N/A       8%          3
 Summon Ice Beast         Ice/Summ       38%        N/A       8%          4
 Summon Lightning Spire   Summ/Air       21%        N/A       24%         4
 Iskenderun's Battlesphe  Conj           80%        2d13      1%          5
 Starburst                Conj/Fire      50%        8x6d14    1%          6
 Orb of Destruction       Conj           40%        9d14      2%          7
 Freezing Cloud           Conj/Ice/Air   28%        6-21      9%          6
 Hydra Form               Tmut           20%        N/A       19%         5
 Ignition                 Fire           50%        3d14      19%         8
 Spellforged Servitor     Conj/Summ      29%        N/A       34%         7


Dungeon Overview and Level Annotations

Branches:
Dungeon (12/15)            Temple (1/1) D:5            Lair (6/6) D:11
  Swamp (0/4) Lair:4       Spider (0/4) Lair:4        Slime (0/5) Lair:6
    Orc (2/2) D:11            Elf (0/3) Orc:2

Altars:
Ashenzari
Cheibriados
Dithmenos
Elyvilon
Fedhas
Gozag
Hepliaklqana
Kikubaaqudgha
Makhleb
Nemelex Xobeh
Okawaru
Qazlal
Ru
Sif Muna
Trog
Uskayaw
Vehumet
Wu Jian
Xom
Yredelemnul
Zin
The Shining One
Jiyva

Shops:
D:1 :   D:7 [   D:9 ?   D:11 (   Orc:2 (=*=

Portals:
Abyss: D:11

Annotations:
D:9 exclusion: orange crystal statue
D:11 2 transporters, 1player's ghost, journeyman GrEE
D:12 Jorgrun


Innate Abilities, Weirdness & Mutations

Your stone body is resilient. (AC +11)
You are immune to poison.
Your large and strong wings let you fly.
You resist negative energy. (rN+)
You are resistant to electric shocks. (rElec)
You are resistant to unholy torment.
You can survive without breathing.
You are immune to petrification.


Message History

Jorgrun casts a spell at you.
Roots burst forth from the earth!
The grasping roots grab you! The grasping roots constrict you!
Casting: Ignite Poison (safe; 1% risk of failure)
Confirm with . or Enter, or press ? or * to list all spells.
Aiming: Bolt of Magma (mildly dangerous; 1% risk of failure)
Press: ? - help, Shift-Dir - straight line, f - Jorgrun
Aim: Jorgrun, wielding a +0 vorpal quarterstaff and wearing a +1 robe of fire resistance (moderately wounded, poisoned, 57% to hit)
You feel a surge of power!
The bolt of magma hits Jorgrun!!
Jorgrun partially resists.
Jorgrun is heavily wounded.
Jorgrun casts a spell at you.
You are unaffected.
The grasping roots constrict you.
Casting: Bolt of Magma (mildly dangerous; 1% risk of failure)
Confirm with . or Enter, or press ? or * to list all spells.
Aiming: Iron Shot (dangerous; 1% risk of failure)
Press: ? - help, Shift-Dir - straight line, f/p - Jorgrun
Aim: Jorgrun, wielding a +0 vorpal quarterstaff and wearing a +1 robe of fire resistance (heavily wounded, poisoned, 57% to hit)
The iron shot misses Jorgrun.
Jorgrun gestures at you while chanting.
You shatter!!!
* * * LOW HITPOINT WARNING * * *
The grasping roots constrict you.
You fade into invisibility!
* * * LOW HITPOINT WARNING * * *
The grasping roots constrict you!
Unknown command.
The roots' grasp on you weakens, but your attempt to escape fails.
* * * LOW HITPOINT WARNING * * *
The grasping roots constrict you.
Unknown command.
You closely miss Jorgrun.
Jorgrun is heavily wounded.
Jorgrun is engulfed in blazing flames.
Jorgrun drinks a potion.
Jorgrun is healed!
Jorgrun looks more healthy.
* * * LOW HITPOINT WARNING * * *
The grasping roots constrict you.
Jorgrun is engulfed in blazing flames.
Jorgrun hits you but does no damage.
You die...

... #.# #.# #.# #.# #.#
##+###### #.#
......○°#####.##
....[.g@°......#
......○○####.#.########
........# #...........
........# ###.########
#+####### #.# #.## #..#
##.# #.#


You could see Jorgrun.

Vanquished Creatures
  Kirke (Lair:6)
  Snorg (Orc:1)
  Fannar (Lair:2)
  A boulder beetle (Lair:3)
  5 hydras
  3 catoblepae (Lair:6)
  2 two-headed ogres
  A centaur warrior (D:9)
  Erica (Lair:1)
  10 death yaks (Lair:6)
  Sonja (Orc:1)
  A deep elf knight (D:7)
  A skeletal warrior (D:8)
  Pikel (D:8)
  7 orc knights
  2 manticores (Lair:6)
  3 orc sorcerers (Orc:2)
  An oklob plant (Lair:4)
  The ghost of Verendum the Insei, a novice OpFi of Wu Jian (D:5)
  2 cyclopes (D:11)
  6 elephants (Lair:5)
  5 black mambas
  Joseph (D:7)
  2 centaur zombies
  13 cane toads
  A gargoyle (D:11)
  5 kobold demonologists
  An unseen horror (D:12)
  9 komodo dragons
  2 rime drakes
  3 polar bears
  3 trolls
  2 hornets
  9 blink frogs (Lair:5)
  Grinder (D:3)
  17 dream sheep
  A meliai zombie (D:10)
  3 redbacks (Lair:4)
  62 yaks
  8 wyverns
  4 hogs (Lair:6)
  A wraith (D:11)
  Grum (D:11)
  3 fire bats (Lair:6)
  2 basilisks (Lair:3)
  8 steam dragons
  3 swamp worms (Lair:4)
  A warg (Orc:1)
  9 water moccasins
  43 orc warriors
  4 sky beasts
  A black bear (D:3)
  5 necrophages
  5 ogres
  38 wolves
  16 centaurs
  3 lemures (D:9)
  2 phantoms
  3 kobold brigands
  14 bullfrogs
  2 gnoll sergeants
  A water moccasin zombie (D:5)
  3 scorpions
  46 killer bees (Lair:1)
  A howler monkey (D:6)
  A crimson imp (D:7)
  A bullfrog zombie (D:4)
  2 quasits (D:5)
  A centaur skeleton (D:7)
  3 hounds
  14 orc priests
  A bullfrog skeleton (D:4)
  2 iguanas
  Jessica (D:2)
  Natasha (thrice) (D:4)
  26 orc wizards
  A killer bee zombie (D:9)
  A hound skeleton (D:4)
  2 howler monkey zombies
  Robin (D:3)
  14 gnolls
  A howler monkey skeleton (D:5)
  17 adders
  4 shadow imps (D:7)
  2 white imps
  3 ufetubi
  A dart slug (D:5)
  76 orcs
  4 ball pythons
  5 bats
  6 endoplasms
  4 giant cockroaches
  8 goblins
  8 hobgoblins
  11 jackals
  17 kobolds
  5 quokkas
  5 frilled lizards
  4 rats
  4 bushes
678 creatures vanquished.

Vanquished Creatures (collateral kills)
  20 foxfires
20 creatures vanquished.

Vanquished Creatures (others)
  An orc wizard (D:5)
  2 orcs (D:5)
  2224 foxfires
  112 fungi
  161 plants
2500 creatures vanquished.

Grand Total: 3198 creatures vanquished

Notes
Turn   | Place    | Note
-------+----------+-------------------------------------------
     0 | D:1      | funkygono the Gargoyle Fire Elementalist began the quest
                  | for the Orb.
     0 | D:1      | Reached XP level 1. HP: 10/10 MP: 3/3
   187 | D:1      | Reached XP level 2. HP: 15/15 MP: 3/5
   316 | D:1      | Found Ceummuorgh's Book Shoppe.
  1312 | D:2      | Reached XP level 3. HP: 19/19 MP: 4/6
  1316 | D:2      | Learned a level 3 spell: Conjure Flame
  2115 | D:2      | Noticed Jessica
  2120 | D:2      | Killed Jessica
  2121 | D:2      | Reached XP level 4. HP: 24/24 MP: 2/7
  2174 | D:2      | Learned a level 4 spell: Sticky Flame
  2458 | D:3      | Found a faded altar of an unknown god.
  2756 | D:3      | Noticed Grinder
  2790 | D:3      | Killed Grinder
  2791 | D:3      | Reached skill level 3 in Spellcasting
  2791 | D:3      | Reached XP level 5. HP: 18/28 MP: 0/10
  2791 | D:3      | Reached XP level 6. HP: 21/33 MP: 0/11
  2937 | D:3      | Noticed a black bear
  2943 | D:3      | Killed a black bear
  2998 | D:3      | Found a stormy altar of Qazlal.
  3352 | D:3      | Identified the +1 helmet "Baneojah" {Str+4 Int+6 Stlth+}
  3352 | D:3      | Noticed Robin
  3382 | D:3      | Killed Robin
  3383 | D:3      | Reached skill level 5 in Fire Magic
  3620 | D:3      | Found a sacrificial altar of Ru.
  4062 | D:4      | Noticed Natasha
  4066 | D:4      | Killed Natasha
  4067 | D:4      | Reached skill level 4 in Spellcasting
  4067 | D:4      | Reached XP level 7. HP: 37/37 MP: 13/13
  4117 | D:4      | Learned a level 5 spell: Fireball
  4455 | D:4      | Noticed Natasha
  4459 | D:4      | Killed Natasha
  4460 | D:4      | Reached skill level 1 in Fighting
  4619 | D:4      | Noticed Natasha
  4639 | D:4      | Killed Natasha
  5189 | D:5      | Entered Level 5 of the Dungeon
  5206 | D:5      | Found a transporter.
  5231 | D:5      | Found a shimmering blue altar of Sif Muna.
  5270 | D:5      | Found a transporter.
  5409 | D:5      | Reached skill level 5 in Spellcasting
  5409 | D:5      | Reached XP level 8. HP: 44/44 MP: 15/15
  5482 | D:5      | Noticed Verendum's ghost (novice OpFi)
  5760 | D:5      | Reached skill level 5 in Conjurations
  5816 | D:5      | Found a staircase to the Ecumenical Temple.
  5825 | Temple   | Entered the Ecumenical Temple
  6235 | D:5      | Found a hide-covered altar of Uskayaw.
  6747 | D:5      | Found a shimmering altar of Xom.
  7510 | D:6      | Reached skill level 6 in Spellcasting
  7693 | D:6      | Reached XP level 9. HP: 48/48 MP: 18/18
  8041 | D:7      | Identified the +5 rapier of Gluttony {drain, MP-9 Str+4
                  | Int+4 Dex+7}
  8525 | D:7      | Found a transporter.
  8531 | D:7      | Found a radiant altar of Vehumet.
  8531 | D:7      | Found a burning altar of Makhleb.
  8566 | D:7      | Became a worshipper of Vehumet
  8605 | D:7      | Noticed a kobold demonologist
  8610 | D:7      | Noticed a kobold demonologist
  8611 | D:7      | Noticed a deep elf knight
  8637 | D:7      | Found a transporter.
  8664 | D:7      | Reached skill level 7 in Spellcasting
  8712 | D:7      | Noticed Joseph
  8724 | D:7      | Killed Joseph
  8991 | D:7      | Found Yckeen's Antique Armour Emporium.
  9440 | D:7      | Found a glowing silver altar of Zin.
  9843 | D:8      | Reached skill level 8 in Spellcasting
  9843 | D:8      | Reached XP level 10. HP: 52/53 MP: 22/22
 10354 | D:8      | Identified a scroll of acquirement
 10355 | D:8      | Acquired 670 gold pieces
 10382 | D:7      | Bought the +3 salamander hide armour {Flames rF++ rC--} for
                  | 793 gold pieces
 10382 | D:7      | Found the +3 salamander hide armour {Flames rF++ rC--}
 10440 | D:8      | Reached * piety under Vehumet
 10440 | D:8      | Offered knowledge of Freeze by Vehumet.
 10441 | D:8      | Reached skill level 1 in Short Blades
 10534 | D:9      | Noticed an orange crystal statue
 10549 | D:9      | Noticed a two-headed ogre
 10577 | D:9      | Noticed a skeletal warrior
 10588 | D:8      | Killed a skeletal warrior
 10743 | D:9      | Noticed Pikel
 10881 | D:8      | Killed Pikel
 10882 | D:8      | Reached skill level 9 in Spellcasting
 10943 | D:9      | Noticed a centaur warrior
 11459 | D:9      | Found Iguss's Magic Scroll Shop.
 11507 | D:9      | Killed a centaur warrior
 11508 | D:9      | Reached skill level 1 in Armour
 11508 | D:9      | Reached XP level 11. HP: 54/57 MP: 24/24
 11652 | D:9      | Found a blossoming altar of Fedhas.
 11652 | D:9      | Found a white marble altar of Elyvilon.
 12083 | D:10     | Entered Level 10 of the Dungeon
 12083 | D:10     | Noticed a two-headed ogre
 12083 | D:10     | Noticed a two-headed ogre
 12092 | D:9      | Killed a two-headed ogre
 12093 | D:9      | Reached skill level 10 in Conjurations
 12135 | D:10     | Killed a two-headed ogre
 12444 | D:10     | Offered knowledge of Sandblast by Vehumet.
 12445 | D:10     | Reached skill level 10 in Fire Magic
 12534 | D:10     | Reached ** piety under Vehumet
 12684 | D:10     | Reached skill level 10 in Spellcasting
 12868 | D:10     | Learned a level 1 spell: Sandblast
 12872 | D:10     | Learned a level 3 spell: Ignite Poison
 12877 | D:10     | Learned a level 4 spell: Olgreb's Toxic Radiance
 12879 | D:10     | Learned a level 1 spell: Sting
 13017 | D:10     | Reached skill level 1 in Earth Magic
 13080 | D:10     | You fall into a shaft and drop 2 floors!
 13132 | D:11     | Noticed Grum
 13150 | D:11     | Noticed a cyclops
 13157 | D:11     | Killed Grum
 13168 | D:11     | Reached skill level 1 in Poison Magic
 13190 | D:11     | Killed a cyclops
 13287 | D:11     | Noticed a cyclops
 13408 | D:11     | Killed a cyclops
 14108 | D:10     | Acquired an amulet of regeneration
 14122 | D:10     | Acquired a book of Power
 14206 | D:11     | Noticed an orc knight
 14221 | D:11     | Killed an orc knight
 14289 | D:11     | Found a staircase to the Orcish Mines.
 14291 | D:11     | Found Ninoizou's Weapon Shop.
 14304 | D:11     | Reached XP level 12. HP: 63/63 MP: 26/26
 14415 | D:11     | Found a staircase to the Lair.
 14609 | D:11     | Found a transporter.
 14616 | D:11     | Found a one-way gate to the infinite horrors of the Abyss.
 14616 | D:11     | Noticed 1player's ghost (journeyman GrEE)
 14617 | D:11     | Noticed a seven-headed hydra
 14623 | D:11     | Killed a seven-headed hydra
 14768 | D:11     | Found a transporter.
 15150 | D:5      | Killed Verendum's ghost
 15407 | D:7      | Noticed a sun demon
 15411 | D:7      | Offered knowledge of Frozen Ramparts by Vehumet.
 15414 | D:7      | Killed a deep elf knight
 15680 | D:9      | Found an ancient bone altar of Kikubaaqudgha.
 15684 | D:9      | Found a glowing golden altar of the Shining One.
 15684 | D:9      | Found an opulent altar of Gozag.
 16186 | D:11     | Learned a level 3 spell: Frozen Ramparts
 16188 | Lair:1   | Entered Level 1 of the Lair of Beasts
 16272 | Lair:1   | Noticed Erica
 16298 | Lair:1   | Reached *** piety under Vehumet
 16305 | Lair:1   | Killed Erica
 16330 | Lair:1   | Reached skill level 11 in Spellcasting
 16397 | Lair:1   | Offered knowledge of Stone Arrow by Vehumet.
 16730 | Lair:1   | Reached skill level 5 in Earth Magic
 16978 | Lair:1   | Reached **** piety under Vehumet
 17109 | Lair:1   | Offered knowledge of Hailstorm by Vehumet.
 17245 | Lair:1   | Learned a level 5 spell: Bolt of Magma
 17245 | Lair:1   | Noticed a four-headed hydra
 17259 | Lair:1   | Killed a four-headed hydra
 17558 | Lair:2   | Noticed Fannar
 17563 | Lair:2   | Killed Fannar
 17564 | Lair:2   | Reached XP level 13. HP: 41/68 MP: 28/28
 17815 | Lair:2   | Reached skill level 5 in Poison Magic
 18169 | Lair:2   | Reached skill level 1 in Ice Magic
 18557 | Lair:2   | Learned a level 4 spell: Hailstorm
 18903 | Lair:3   | Reached skill level 1 in Transmutations
 19972 | Lair:4   | Reached skill level 12 in Spellcasting
 20049 | Lair:4   | Reached ***** piety under Vehumet
 20049 | Lair:4   | Offered knowledge of Lee's Rapid Deconstruction by Vehumet.
 20432 | Lair:4   | Gained mutation: Your large and strong wings let you fly.
                  | [Gargoyle growth]
 20432 | Lair:4   | Reached XP level 14. HP: 26/72 MP: 24/30
 20519 | Lair:4   | Found a hole to the Spider Nest.
 20706 | Lair:4   | Found a staircase to the Swamp.
 21135 | Lair:5   | Reached skill level 1 in Long Blades
 21135 | Lair:5   | Reached skill level 5 in Ice Magic
 21936 | Lair:5   | Offered knowledge of Irradiate by Vehumet.
 22317 | Lair:6   | Entered Level 6 of the Lair of Beasts
 22375 | Lair:6   | Reached skill level 13 in Spellcasting
 22507 | Lair:6   | Found a viscous altar of Jiyva.
 22508 | Lair:6   | Found a staircase to the Slime Pits.
 22515 | Lair:6   | Noticed Kirke
 22524 | Lair:6   | Killed Kirke
 23203 | Lair:6   | Found the +0 staff of Battle
 23310 | Lair:6   | Reached XP level 15. HP: 77/77 MP: 32/32
 23896 | Lair:6   | Acquired 1361 gold pieces
 24104 | D:11     | Learned a level 6 spell: Iron Shot
 24112 | Orc:1    | Entered Level 1 of the Orcish Mines
 24118 | Orc:1    | Noticed Sonja
 24123 | Orc:1    | Killed Sonja
 24125 | Orc:1    | Noticed Snorg
 24132 | Orc:1    | Killed Snorg
 24741 | Orc:2    | Entered Level 2 of the Orcish Mines
 24743 | Orc:2    | Offered knowledge of Yara's Violent Unravelling by Vehumet.
 24957 | Orc:2    | Found a staircase to the Elven Halls.
 25368 | Orc:2    | Reached skill level 14 in Spellcasting
 25542 | Orc:2    | Found Urevi's Assorted Antiques.
 25542 | Orc:2    | Found Nausm's Jewellery Shoppe.
 25545 | Orc:2    | Found Jiretear's Antique Weapon Emporium.
 25546 | Orc:2    | Found Waqobeis's Jewellery Shop.
 26285 | D:12     | Noticed Jorgrun
 26295 | D:12     | HP: 2/78 [Jorgrun/+0 vorpal quarterstaff (6)]
 26295 | D:12     | Mangled by Jorgrun

Illustrated notes

Levels and vault maps discovered:
D:1:      dpeg_arrival_solitude, layout_basic, serial_shops, shop_statue,
          serial_park_tiny_pond, hangedman_decor_push,
          hangedman_decor_peaks_small, roderic_malta_cross
D:2:      layout_basic, kennysheep_cross_bottleneck,
          amcnicky_mini_corridor_feature, feat_on_display, uniq_jessica
D:3:      layout_basic, pf_just_have_faith, lemuel_round_altar,
          chequers_ecumenical_altar_simple_redux, minivault_25, uniq_robin,
          uniq_grinder
D:4:      layout_loops_corners, mrwooster_statue_mirror, uniq_natasha
D:5:      layout_basic, kennysheep_mini_moat, old_standard_altar,
          lemuel_tele_altar, lemuel_temple_firewalk_b,
          gammafunk_ghost_stat_death, serial_bayou_pond_e, supply_closet_lemuel
D:6:      layout_basic, kennysheep_generic_room_7
D:7:      gammafunk_wand_slinger, layout_loops_corners,
          grunt_temple_overflow_lords_of_destruction, zin_statuary,
          serial_shops, shop, uniq_joseph
D:8:      layout_rooms
D:9:      layout_long_grid, nicolae_overflow_hidden_temple,
          amethyst_overflow_temple_binary, serial_shops, shop,
          minmay_misc_feat_chi, minivault_20, minmay_statue_bubble, uniq_pikel
D:10:     cheibrodos_steamvent, layout_stronghold, kennysheep_generic_room_10
D:11:     layout_basic, lair_entry_dummy, orc_david_3,
          gammafunk_ghost_abyssal_escape, uniq_grum
D:12:     layout_roguey, uniq_rupert, uniq_jorgrun
Temple:   jpeg_temple_island
Lair:1:   wad_woods_minihive, layout_cave_pods, grunt_forest_large_clearings,
          uniq_erica
Lair:2:   minmay_lair_venomous_thicket, layout_long_grid, wad_woods_road_03,
          uniq_fannar
Lair:3:   layout_layer_cave
Lair:4:   layout_regular_city, palyth_hydra_swamp_entry, spider_nest_entry_a,
          minivault_24, infiniplex_staircase_pool
Lair:5:   layout_cave_pods, beast_lair_carwin_1
Lair:6:   evilmike_catoblepas_cave, layout_cave_pods, slime_altar_1,
          nicolae_volcano_entry_batcave, uniq_kirke
Orc:1:    layout_diamond_mine, uniq_sonja, uniq_snorg
Orc:2:    st_orc_rangers, layout_caves

Skill      XL: |  1  2  3  4  5  6  7  8  9 10 11 12 13 14 15 |
---------------+----------------------------------------------+-----
Conjurations   | 2 3 4 6 7 9 10 11 12 13 | 13.0
Spellcasting   | 3 4 5 6 8 9 10 11 12 13 14 | 14.1
Fire Magic     | 4 5 6 8 9 10 11 12 13 | 13.0
Fighting       | 2 3 |  3.0
Dodging        | 2 3 |  3.4
Short Blades   | 1 |  1.6
Armour         | 1 2 3 4 |  4.3
Earth Magic    | 2 5 6 |  6.6
Poison Magic   | 2 4 5 6 8 |  8.0
Ice Magic      | 4 5 |  5.4
Transmutations | 1 2 3 |  3.1
Long Blades    | 1 2 |  2.0
Maces & Flails | |  0.1
Stealth        | |  2.1

Action                   |  1- 3 |  4- 6 |  7- 9 | 10-12 | 13-15 || total
-------------------------+-------+-------+-------+-------+-------++-------
Melee: Unarmed           |     1 |       |       |       |       ||     1
       Dagger            |     6 |    17 |    42 |    42 |       ||   107
       Whip              |     2 |       |       |       |       ||     2
       Scimitar          |       |       |       |    12 |     5 ||    17
       Long sword        |       |       |       |     2 |       ||     2
       Great sword       |       |       |       |       |    53 ||    53
 Cast: Foxfire           |    61 |    68 |   254 |   497 |   443 ||  1323
       Conjure Flame     |       |     3 |     4 |     5 |       ||    12
       Sticky Flame      |       |       |    13 |    28 |     7 ||    48
       Fireball          |       |       |     3 |    15 |    13 ||    31
       Olgreb's Toxic Ra |       |       |       |     5 |    78 ||    83
       Ignite Poison     |       |       |       |     4 |    86 ||    90
       Sting             |       |       |       |     1 |     2 ||     3
       Frozen Ramparts   |       |       |       |       |    10 ||    10
       Bolt of Magma     |       |       |       |       |    13 ||    13
       Hailstorm         |       |       |       |       |    13 ||    13
       Iron Shot         |       |       |       |       |     3 ||     3
Evoke: Wand              |       |       |       |       |     4 ||     4
  Use: Scroll            |     1 |     3 |    11 |     9 |     9 ||    33
       Potion            |       |       |       |     2 |     1 ||     3
 Stab: Distracted        |       |       |       |     1 |       ||     1
Armor: Robe              |    15 |    16 |    21 |     1 |       ||    53
       Leather armour    |       |       |       |   107 |    80 ||   187
Dodge: Dodged            |    28 |    20 |    52 |   107 |    66 ||   273
       Rpst.: Scimitar   |       |       |       |     1 |     3 ||     4
       Great sword       |       |       |       |       |     4 ||     4

Table legend: (Time is in decaauts)
 A = Elapsed time spent in this place.
 B = Non-inter-level travel time spent in this place.
 C = Inter-level travel time spent in this place.
 D = Time resting spent in this place.
 E = Time spent auto-exploring this place.
 F = Levels seen in this place.
 G = Mean time per level.
                   A        B        C        D        E       F      G
               +--------+--------+--------+--------+--------+-----+--------+
         Total |  26397 |  25621 |    776 |   1009 |  19872 |  21 | 1257.0 |
       Dungeon |  16085 |  15549 |    536 |    993 |  11663 |  12 | 1340.4 |
        Temple |    303 |    276 |     27 |      0 |    266 |   1 |  303.0 |
          Lair |   7902 |   7728 |    174 |     16 |   6388 |   6 | 1317.0 |
  Orcish Mines |   2105 |   2067 |     38 |      0 |   1554 |   2 | 1052.5 |
               +--------+--------+--------+--------+--------+-----+--------+

Top non-repeatable levels by time:
     D:7: 2298 daAuts
  Lair:6: 1655 daAuts
    D:10: 1631 daAuts
     D:5: 1628 daAuts
     D:9: 1543 daAuts
    D:11: 1480 daAuts
   Orc:2: 1452 daAuts
     D:3: 1410 daAuts
  Lair:1: 1408 daAuts
     D:4: 1319 daAuts
  Lair:4: 1299 daAuts
  Lair:3: 1287 daAuts
     D:2: 1243 daAuts
  Lair:5: 1223 daAuts
     D:1: 1213 daAuts
